 Dungeon Crawl Stone Soup version 0.29.1-1-gd02db6906a (webtiles) character file.

Game seed: 14992398077220466448

97 Ashen the Chiller (level 4, 32/32 HPs)
             Began as a Demonspawn Ice Elementalist on Oct 21, 2022.
             Got out of the dungeon alive.
             The game lasted 00:03:59 (2722 turns).

Ashen the Chiller (Demonspawn Ice Elementalist)     Turns: 2722, Time: 00:04:00

Health: 32/32      AC:  7    Str:  8    XL:     4   Next: 42%
Magic:  16/16      EV: 12    Int: 18    God:
Gold:   10         SH:  4    Dex: 14    Spells: 7/8 levels left

rFire   . . .      SeeInvis .   (no weapon)
rCold   . . .      Faith    .   (no shield)
rNeg    . . .      Spirit   .   a - +0 robe
rPois   .          Reflect  .   (no helmet)
rElec   .          Harm     .   (no cloak)
rCorr   .          Rampage  .   h - +0 pair of gloves
Will    .....                   (no boots)
Stlth   ++........              (no amulet)
HPRegen 0.10/turn               c - ring of magical power
MPRegen 0.15/turn               (no ring)

@: no status effects
A: icemail 1, condensation shield, weakness stinger 1
a: no special abilities


You escaped.
You visited 1 branch of the dungeon, and saw 2 of its levels.

You collected 92 gold pieces.
You spent 82 gold pieces at shops.

Inventory:

Armour
 a - a +0 robe (worn)
 h - a +0 pair of gloves (worn)
Jewellery
 c - a ring of magical power (left hand)
Scrolls
 e - 3 scrolls of identify {unknown}
 f - 3 scrolls of magic mapping
 g - a scroll of enchant weapon {unknown}
 k - a scroll of summoning {unknown}
Potions
 b - a potion of magic
 d - 2 potions of mutation {unknown}
 i - a potion of heal wounds {unknown}
 j - a potion of invisibility {unknown}
 l - a potion of degeneration {unknown}
 m - a potion of curing {unknown}
 n - a potion of haste {unknown}


   Skills:
 + Level 1.3 Fighting
 + Level 2.4 Dodging
 + Level 2.5 Stealth
 + Level 2.6 Spellcasting
 + Level 4.0 Ice Magic


You had 7 spell levels left.
You knew the following spells:

 Your Spells              Type           Power      Damage    Failure   Level
a - Freeze                Ice            68%        1d8       3%          1

Your spell library contained the following spells:

 Spells                   Type           Power      Damage    Failure   Level
 Frozen Ramparts          Ice            34%        1d6       10%         3
 Ozocubu's Armour         Ice            17%        N/A       10%         3
 Hailstorm                Conj/Ice       9%         3d4       58%         4


Dungeon Overview and Level Annotations

Branches:
Dungeon (2/15)

Altars:

Shops:
D:1 ?


Innate Abilities, Weirdness & Mutations

A meltable icy envelope protects you from harm. (AC +4)
A meltable shield of frost defends you. (SH +4)
You have a small tail.


Message History

Aiming: Freeze (safe; 3% risk of failure)
Press: ? - help, Shift-Dir - straight line, f/p - dart slug
Aim: a dart slug (moderately wounded)
You freeze the dart slug.
The dart slug is moderately wounded.
The dart slug launches a dart at you. The slug dart hits you.
Casting: Freeze (safe; 3% risk of failure)
Confirm with . or Enter, or press ? or * to list all spells.
Aiming: Freeze (safe; 3% risk of failure)
Press: ? - help, Shift-Dir - straight line, f/p - dart slug
Aim: a dart slug (moderately wounded)
You freeze the dart slug.
The dart slug is almost dead.
Casting: Freeze (safe; 3% risk of failure)
Confirm with . or Enter, or press ? or * to list all spells.
Aiming: Freeze (safe; 3% risk of failure)
Press: ? - help, Shift-Dir - straight line, f/p - dart slug
Aim: a dart slug (almost dead)
You freeze the dart slug!
You kill the dart slug!
Saving game... please wait.
Welcome back, Ashen the Demonspawn Ice Elementalist.
Press ? for a list of commands and other information.
Saving game... please wait.
Welcome back, Ashen the Demonspawn Ice Elementalist.
Press ? for a list of commands and other information.
Saving game... please wait.
Welcome back, Ashen the Demonspawn Ice Elementalist.
Press ? for a list of commands and other information.
HP restored.
Magic restored.
You see here a jackal skeleton.
Items here: )))).
There is a stone staircase leading up here.
You climb upwards.
There is a stone staircase leading down here.
There is a staircase leading out of the dungeon here.
Are you sure you want to leave the Dungeon?
This will make you lose the game!
You have escaped!

.....#.#.########################
[....'....................>......
.....#.#...........#######.######
####.#.#...#######.# #.#
#...#.#.#.....#.#### #.#
#####..#.#.#..........# #.#
#........#.#..#######.# #†#
#........#.#..#.....#.# #.#
'....^...#.#....@#..#.####.#
#........#.#######..#...##.#
#........#..........#.#....#
#..........##.#.....#.#.####
#........#.##.#######.#.#
########'#..............########
#..............................#
#...........######.###.#######.#
#...........######.#...# #.#


There were no monsters in sight!

Vanquished Creatures
  4 gnolls (D:2)
  2 adders (D:2)
  2 dart slugs (D:2)
  A ball python (D:1)
  4 endoplasms
  3 giant cockroaches
  4 goblins
  A hobgoblin (D:1)
  6 jackals
  A quokka (D:1)
  A frilled lizard (D:2)
  4 kobolds
  3 rats
36 creatures vanquished.

Notes
Turn   | Place    | Note
-------+----------+-------------------------------------------
     0 | D:1      | Ashen the Demonspawn Ice Elementalist began the quest for
                  | the Orb.
     0 | D:1      | Reached XP level 1. HP: 13/13 MP: 3/3
   378 | D:1      | Gained mutation: A meltable shield of frost defends you.
                  | (SH +4) [demonic ancestry]
   378 | D:1      | Reached XP level 2. HP: 3/19 MP: 5/5
  1153 | D:1      | Found Qynnovi's Magic Scroll Shoppe.
  1854 | D:2      | Gained mutation: You have a small tail. [demonic ancestry]
  1854 | D:2      | Reached XP level 3. HP: 25/25 MP: 6/6
  1999 | D:1      | Bought a scroll of magic mapping for 82 gold pieces
  2085 | D:2      | Reached skill level 1 in Fighting
  2092 | D:2      | Reached skill level 4 in Ice Magic
  2098 | D:2      | Gained mutation: A meltable icy envelope protects you from
                  | harm. (AC +4) [demonic ancestry]
  2098 | D:2      | Reached XP level 4. HP: 10/32 MP: 0/7
  2722 | D:$      | Got out of the dungeon alive.

Illustrated notes

Levels and vault maps discovered:
D:1:      ebering_hopf_link, layout_basic, serial_shops, shop, st_stairs_6
D:2:      layout_loops_ring

Skill      XL: |  1  2  3 |
---------------+----------+-----
Dodging        | 2 |  2.4
Stealth        | 2 |  2.5
Fighting       | 1 |  1.3
Ice Magic      | 4 |  4.0
Spellcasting   | |  2.6

Action                   |  1- 3 |  4- 6 || total
-------------------------+-------+-------++-------
Melee: Unarmed           |    11 |     2 ||    13
 Cast: Freeze            |    59 |    18 ||    77
 Stab: Sleeping          |     2 |       ||     2
Armor: Robe              |    11 |    10 ||    21
Dodge: Dodged            |    33 |     9 ||    42
Block: Other             |     7 |     2 ||     9
